 Seeded DCSS version 0.29.1-15-g9cfb28693d (webtiles) character file.

Game seed: 6279725465790686602 (custom seed)

667 bmack86 the Cleaver (level 7, -3/53 (64) HPs)
             Began as a Minotaur Fighter on Apr 19, 2023.
             Was a Follower of Okawaru.
             Slain by a wight
             ... wielding a +0 halberd
              (7 damage)
             ... on level 5 of the Dungeon on Apr 20, 2023.
             The game lasted 00:11:42 (4300 turns).

bmack86 the Cleaver (Minotaur Fighter)              Turns: 4300, Time: 00:11:43

HP:   -3/53 (64)    AC: 13    Str: 23    XL:     7   Next: 31%
MP:   6/6           EV:  7    Int:  5    God:    Okawaru [*.....]
Gold: 282           SH:  5    Dex:  9    Spells: 6/6 levels left

rFire   . . .      SeeInvis .   a - +0 war axe
rCold   . . .      Faith    .   c - +0 buckler
rNeg    . . .      Spirit   .   l - +0 chain mail
rPois   .          Reflect  .   q - +2 hat
rElec   .          Harm     .   (no cloak)
rCorr   .          Rampage  .   e - +0 pair of gloves
Will    .....                   (no boots)
Stlth   ..........              o - amulet of regeneration
HPRegen 0.97/turn               (no ring)
MPRegen 0.10/turn               (no ring)

@: heavily drained
A: horns 2, retaliatory headbutt
a: Renounce Religion, Heroism


You were on level 5 of the Dungeon.
You worshipped Okawaru.
Okawaru was aware of your devotion.
You visited 2 branches of the dungeon, and saw 6 of its levels.

You collected 282 gold pieces.

Inventory:

Hand Weapons
 a - a +0 war axe (weapon)
Missiles
 f - 3 boomerangs (quivered)
 i - 2 javelins
 v - 3 poisoned darts
Armour
 b - a +0 scale mail
 c - a +0 buckler (worn)
 e - a +0 pair of gloves (worn)
 l - a +0 chain mail (worn)
 q - a +2 hat (worn)
Jewellery
 o - an amulet of regeneration (around neck)
 A - a ring of fire
Wands
 m - a wand of paralysis (13)
Scrolls
 n - a scroll of noise
 x - a scroll of fear
 y - 2 scrolls of teleportation
 z - a scroll of enchant weapon {unknown}
Potions
 d - 3 potions of might
 g - a potion of curing
 h - a potion of brilliance
 j - 2 potions of heal wounds
 k - a potion of invisibility {unknown}
 p - a potion of berserk rage {unknown}
 r - a potion of magic {unknown}
 s - a potion of attraction {unknown}
 t - 2 potions of mutation
 u - a potion of flight {unknown}
 w - a potion of experience


   Skills:
 + Level 6.8 Fighting
 * Level 8.5 Axes
 + Level 2.1 Throwing
 + Level 6.8 Armour
 + Level 6.8 Shields
 + Level 1.1 Invocations


You had 6 spell levels left.
You didn't know any spells.
Your spell library was empty.

Dungeon Overview and Level Annotations

Branches:
Dungeon (5/15)             Temple (1/1) D:4

Altars:
Dithmenos
Fedhas
Gozag
Hepliaklqana
Makhleb
Nemelex Xobeh
Okawaru
Qazlal
Ru
Sif Muna
Trog
Vehumet
Wu Jian
Xom
Yredelemnul
Zin
The Shining One

Shops:
D:1 [   D:3 *


Innate Abilities, Weirdness & Mutations

You have a pair of horns on your head.
You reflexively headbutt those who attack you in melee.


Message History

The wight hits you but does no damage.
Unknown command.
You barely miss the wight. You block the wight's attack.
The wight barely misses you.
You hit the wight but do no damage. The wight hits you with a +0 dagger.
You feel drained.
The wight hits you from afar with a +0 halberd.
You feel drained.
Unknown command.
You closely miss the wight. The wight hits you but does no damage.
The wight hits you with a +0 dagger.
You hit the wight but do no damage.
The wight hits you from afar with a +0 halberd.
You feel drained. The wight hits you but does no damage.
You closely miss the wight. You headbutt the wight.
The wight is lightly damaged.
The wight hits you but does no damage.
The wight hits you from afar with a +0 halberd!
* * * LOW HITPOINT WARNING * * *
You slash the wight!
You destroy the wight!
Okawaru accepts your kill.
You can now gain great but temporary skills.
The wight hits you from afar with a +0 halberd!
* * * LOW HITPOINT WARNING * * *
You feel drained.
* * * LOW HITPOINT WARNING * * *
The wight hits you with a +0 halberd.
* * * LOW HITPOINT WARNING * * *
You feel drained.
* * * LOW HITPOINT WARNING * * *
Things that are here:
a +0 dagger; a +0 robe The wight closely misses you.
Things that are here:
a +0 great sword; a +0 robe You barely miss the wight.
The wight is heavily damaged.
The wight hits you with a +0 halberd!
You die...

#.###.# ###.....### #
#.......... #
#.......... ##
#.......#..........
.#
#.##...##..........
.#
#.##....#..z.......
.#
#.##....#.)@.......
.#
#.##....##.........
.#
#.##....##..$......
.#
#.##....##.........
.#
###.##..............#
.#
#...##....###....####
.# #...##......+....#
.###...#..##.###....#
.............# ....#


You could see a wight.

Vanquished Creatures
  A water moccasin (D:4)
  A black bear (D:5)
  A phantom (D:5)
  2 wights (D:5)
  A hound (D:4)
  An iguana (D:5)
  2 orc wizards (D:4)
  3 adders
  4 gnolls (D:4)
  3 worms
  2 dart slugs
  6 orcs
  7 endoplasms
  3 giant cockroaches
  11 goblins
  11 hobgoblins
  4 jackals (D:3)
  7 quokkas
  5 ball pythons
  7 bats
  4 frilled lizards
  3 kobolds
  2 rats
91 creatures vanquished.

Vanquished Creatures (others)
  A fungus (D:3)
1 creature vanquished.

Grand Total: 92 creatures vanquished

Notes
Turn   | Place    | Note
-------+----------+-------------------------------------------
     0 | D:1      | bmack86 the Minotaur Fighter began the quest for the Orb.
     0 | D:1      | Reached XP level 1. HP: 19/19 MP: 0/0
   137 | D:1      | Found Yzuitol's Armour Boutique.
   291 | D:1      | Reached XP level 2. HP: 26/27 MP: 1/1
   328 | D:1      | Reached skill level 7 in Axes
   328 | D:1      | Reached XP level 3. HP: 37/37 MP: 2/2
   581 | D:1      | Found a faded altar of an unknown god.
  1012 | D:2      | Reached XP level 4. HP: 41/44 MP: 3/3
  1678 | D:3      | Found Zin's Purification Station.
  1682 | D:3      | Found a glowing silver altar of Zin.
  1755 | D:3      | Found a shadowy altar of Dithmenos.
  1776 | D:3      | Found a blossoming altar of Fedhas.
  1815 | D:3      | Noticed Grinder
  1817 | D:3      | Found a stormy altar of Qazlal.
  2211 | D:3      | Found a shimmering altar of Xom.
  2766 | D:4      | Reached XP level 5. HP: 36/50 MP: 4/4
  3015 | D:4      | Noticed a water moccasin
  3021 | D:4      | Killed a water moccasin
  3022 | D:4      | Reached skill level 8 in Axes
  3022 | D:4      | Reached skill level 1 in Throwing
  3022 | D:4      | Reached XP level 6. HP: 55/58 MP: 5/5
  3660 | D:4      | Found a staircase to the Ecumenical Temple.
  3667 | Temple   | Entered the Ecumenical Temple
  3730 | Temple   | Became a worshipper of Warmaster Okawaru
  4040 | D:5      | Entered Level 5 of the Dungeon
  4236 | D:5      | Reached XP level 7. HP: 64/64 MP: 6/6
  4290 | D:5      | Reached skill level 1 in Invocations
  4297 | D:5      | Reached * piety under Okawaru
  4298 | D:5      | HP: 2/53 [wight/+0 halberd (1)]
  4300 | D:5      | Slain by a wight

Illustrated notes

Levels and vault maps discovered:
D:1:      tarquinn_simple_flora_water_d, layout_basic,
          ebering_ecumenical_altar_abandoned, serial_shops, nicolae_shop_crystal
D:2:      minmay_spotlight, layout_loops_ring, st_stairs_10, corexii_shack,
          grunt_decor_junction
D:3:      layout_basic, grunt_temple_overflow_forces_of_nature,
          nicolae_dithmenos_shadow_blocks, xom_teletrap_fun, zin_purify,
          roderic_serpentine_path, minivault_14, minmay_misc_feat_more_columns,
          minivault_23, kennysheep_nub, uniq_grinder
D:4:      layout_layer_cave, temple_fountains, hangedman_decor_push,
          feat_on_display
D:5:      layout_basic, corexii_hall_statues_x
Temple:   nicolae_temple_x_marks_the_god

Skill      XL: |  1  2  3  4  5  6  7 |
---------------+----------------------+-----
Fighting       | 6 |  6.8
Axes           | 7 8 |  8.5
Armour         | 6 |  6.8
Shields        | 6 |  6.8
Throwing       | 1 2 |  2.1
Invocations    | 1 |  1.1

Action                   |  1- 3 |  4- 6 |  7- 9 || total
-------------------------+-------+-------+-------++-------
Melee: War axe           |    45 |   147 |    13 ||   205
       Headbutt          |     4 |    21 |     2 ||    27
Throw: Boomerang         |       |     6 |       ||     6
  Use: Scroll            |     1 |    11 |       ||    12
       Potion            |     1 |       |       ||     1
Armor: Scale mail        |    18 |       |       ||    18
       Chain mail        |     6 |    99 |     8 ||   113
Dodge: Dodged            |    34 |    45 |     2 ||    81
Block: Buckler           |    15 |    38 |     4 ||    57
